 Dungeon Crawl Stone Soup version 0.21-a0-633-g4c047d5 (webtiles) character file.

98063 tof the Blocker (level 15, -4/115 HPs)
             Began as a Demonspawn Monk on Dec 28, 2017.
             Was a High Priest of Okawaru.
             Slain by an orc knight
             ... wielding a +0 great mace
              (17 damage)
             ... on level 2 of the Orcish Mines.
             The game lasted 01:45:40 (31742 turns).

tof the Blocker (Demonspawn Monk)                  Turns: 31742, Time: 01:45:41

Health: -4/115     AC: 32    Str: 11    XL:     15   Next: 73%
Magic:  19/19      EV:  7    Int: 14    God:    Okawaru [*****.]
Gold:   659        SH: 17    Dex: 18    Spells: 13/14 levels left

rFire    + + .     SeeInvis +   a - +4 double sword "Qih Woes" {slice, rF+}
rCold    + . .     Gourm    .   d - +4 shield
rNeg     . . .     Faith    .   m - +8 chain mail of Shadows and Fog {rF+}
rPois    .         Spirit   .   U - +2 hat {MR+}
rElec    .         Reflect  .   Q - scarf {repulsion}
rCorr    .         Harm     .   Y - +1 pair of gloves {archery}
MR       ++...                  (no boots)
Stlth    ..........             s - amulet of regeneration
HPRegen  0.69/turn              P - ring of see invisible
MPRegen  0.16/turn              H - +5 ring of protection

@: about to teleport, studying Armour, repel missiles
A: hooves 1, iridescent scales 1, clumsy 1, cold resistance 1, low mp 1, spiny
3, freezing cloud immunity
a: Heroism, Finesse, Renounce Religion


You were on level 2 of the Orcish Mines.
You worshipped Okawaru.
Okawaru was extremely pleased with you.
You were not hungry.

You visited 4 branches of the dungeon, and saw 24 of its levels.
You also visited: Bailey.

You collected 2121 gold pieces.
You spent 1462 gold pieces at shops.

Inventory:

Hand Weapons
 a - the +4 double sword "Qih Woes" (weapon) {slice, rF+}
   (You bought it in a shop on level 13 of the Dungeon)

   It inflicts extra damage upon your enemies.
   It protects you from fire.
 b - a +4 falchion of flaming
Missiles
 e - 6 tomahawks of dispersal
 i - 6 silver javelins
 v - 13 javelins of penetration
 C - 5 poisoned javelins (quivered)
 K - 2 throwing nets
Armour
 d - a +4 shield (worn)
 m - the +8 chain mail of Shadows and Fog (worn) {rF+}
   (You acquired it on level 14 of the Dungeon)

   It protects you from fire.
 Q - a scarf of repulsion (worn)
 U - a +2 hat of magic resistance (worn)
 Y - a +1 pair of gloves of archery (worn)
Jewellery
 q - an uncursed ring of resist corrosion
 s - an amulet of regeneration (around neck)
 H - a +5 ring of protection (right hand)
 P - a ring of see invisible (left hand)
Wands
 l - a wand of disintegration (21)
 u - a wand of clouds (5)
 w - a wand of paralysis (21)
 x - a wand of acid (5)
 A - a wand of iceblast (9)
 E - a wand of digging (8)
Scrolls
 g - 3 scrolls of amnesia
 h - a scroll of teleportation
 o - 5 scrolls of fear
 r - 2 scrolls of blinking
 t - 7 scrolls of remove curse
 z - 2 scrolls of magic mapping
 D - 2 scrolls of fog {unknown}
 X - 2 scrolls of silence
Potions
 f - 6 potions of heal wounds
 j - 2 potions of mutation {unknown}
 k - 11 potions of curing
 p - 3 potions of might
 I - a potion of berserk rage {unknown}
 J - 2 potions of degeneration {unknown}
 N - a potion of flight {unknown}
 O - 4 potions of haste {unknown}
 R - 4 potions of lignification {unknown}
 S - a potion of invisibility
 W - 2 potions of resistance {unknown}
 Z - 5 potions of agility {unknown}
Books
 G - a book of Callings

   Spells                             Type                      Level
   a - Summon Small Mammal            Summoning                    1
   b - Call Imp                       Summoning                    2
   c - Call Canine Familiar           Summoning                    3
   d - Summon Guardian Golem          Hexes/Summoning              3
   e - Summon Lightning Spire         Summoning/Air                4
   f - Summon Ice Beast               Ice/Summoning                4
 L - a book of Maledictions

   Spells                             Type                      Level
   a - Corona                         Hexes                        1
   b - Ensorcelled Hibernation        Hexes/Ice                    2
   c - Confuse                        Hexes                        3
   d - Tukima's Dance                 Hexes                        3
   e - Dazzling Spray                 Conjuration/Hexes            3
 M - Poqy's Collected Works on Enhancements and Necromancy
   (You found it on level 11 of the Dungeon)

   Spells                             Type                      Level
   a - Infusion                       Charms                       1
   b - Pain                           Necromancy                   1
   c - Corpse Rot                     Necromancy                   2
   d - Vampiric Draining              Necromancy                   3
 T - Sif Muna's Compendium of Lethal Evil Arts
   (You found it on level 11 of the Dungeon)

   Spells                             Type                      Level
   a - Sting                          Conjuration/Poison           1
   b - Searing Ray                    Conjuration                  2
   c - Stone Arrow                    Conjuration/Earth            3
   d - Mephitic Cloud                 Conjuration/Poison/Air       3
   e - Dispel Undead                  Necromancy                   5
 V - a manual of Armour
Miscellaneous
 y - 2 boxes of beasts
Comestibles
 c - 38 rations


   Skills:
 + Level 9.9 Fighting
 * Level 13.3 Long Blades
 - Level 6.7 Throwing
 * Level 14.1 Armour
 - Level 2.6 Dodging
 - Level 1.7 Stealth
 * Level 14.7 Shields
 + Level 3.7 Necromancy
 - Level 9.0 Invocations


You had 13 spell levels left.
You knew the following spells:

 Your Spells              Type           Power        Failure   Level  Hunger
a - Pain                  Necr           ##..         73%         1    ##.....


Dungeon Overview and Level Annotations

Branches:
Dungeon (15/15)            Temple (1/1) D:5            Lair (6/6) D:10
  Swamp (0/4) Lair:2       Spider (0/4) Lair:4        Slime (0/5) Lair:5
    Orc (2/2) D:10         Vaults (0/5) D:14
    Elf: Orc:2       Depths: D:15

Altars:
Ashenzari
Cheibriados
Dithmenos
Elyvilon
Fedhas
Gozag
Hepliaklqana
Kikubaaqudgha
Makhleb
Nemelex Xobeh
Okawaru
Qazlal
Ru
Sif Muna
Trog
Uskayaw
Vehumet
Wu Jian
Xom
Yredelemnul
Zin
The Shining One

Shops:
D:13 *(   Orc:2 ?*


Innate Abilities, Weirdness & Mutations

You have large cloven feet.
You are partially covered in iridescent scales. (AC +2)
Your flesh is cold resistant. (rC+)
You are completely covered in sharp spines.
You are immune to freezing clouds.
You are clumsy. (Dex -2)
Your magical capacity is low. (-10% MP)


Message History

The orc knight hits you with a glaive!!!
* * * LOW HITPOINT WARNING * * *
The orc wizard casts a spell.
The orc wizard flickers and vanishes for a moment.
You hit the orc knight.
You kick the orc knight, but do no damage.
The orc knight is heavily wounded.
The orc knight hits you with a great mace!
* * * LOW HITPOINT WARNING * * *
The orc knight roars a battlecry!
An orc warrior comes into view. It is wielding a glaive.
As you read the scroll of teleportation, it crumbles to dust.
You feel strangely unstable.
The orc knight no longer looks unusually strong.
You block the orc knight's attack.
The orc knight roars a battlecry!
The orc knight goes into a battle-frenzy!
The orc knight is struck by your spines.
The orc knight hits you with a great mace!
You die...

.........# .........#
###### .........#
##..@o##### .........#
##..##ooo..# .........#
#..##oooo...#
.........###.##..o##o#.∩#
.........##..##..## .# .#
.........##.##... o
.........##.##... #
.........##.##...
.........##.#####.


You could see 3 orc knights, an orc high priest, an orc sorcerer, 3 orc warriors
and an orc wizard (invisible).

Vanquished Creatures
  An ettin (Orc:2)
  Fannar (Orc:1)
  8 vault guards (D:14)
  5 hydras
  A catoblepas (Lair:6)
  4 centaur warriors
  5 two-headed ogres
  16 death yaks
  A deep troll shaman (Lair:6)
  2 orc high priests
  4 tengu warriors
  The ghost of Soeti the Insei, a novice OpTm (D:10)
  3 skeletal warriors
  A swamp dragon (Lair:2)
  2 lindwurms
  12 ugly things
  4 orc knights
  A wolf spider zombie (D:14)
  Pikel (D:4)
  A deep elf mage (D:14)
  5 oklob plants
  The ghost of Alarkh the Carver, a novice DsCK of Xom (D:7)
  2 orc sorcerers
  2 manticores
  8 cyclopes
  Maurice (D:8)
  12 elephants
  4 black mambas
  12 spiny frogs
  2 rime drakes
  3 gargoyles
  7 komodo dragons
  A tengu conjurer (D:13)
  3 trolls
  4 polar bears (Lair:6)
  4 hornets
  8 blink frogs
  A hornet (shapeshifter) (D:13)
  6 slime creatures (D:14)
  9 dream sheep
  9 hippogriffs
  2 shadows
  4 wyverns
  A vampire (D:14)
  A wraith (D:14)
  43 yaks
  5 basilisks
  4 hungry ghosts
  4 humans (D:7)
  2 vampire mosquitoes
  6 wargs
  9 water moccasins
  2 acid dragons
  7 porcupines
  A two-headed ogre zombie (D:10)
  2 hell hounds (D:10)
  33 orc warriors
  3 ice beasts
  A hornet zombie (D:14)
  A necrophage (D:7)
  An eye of draining (D:14)
  A black bear (Lair:6)
  8 centaurs
  3 sky beasts
  13 ogres
  31 wolves
  3 phantoms (D:10)
  17 crocodiles
  7 big kobolds
  11 bullfrogs
  A gnoll sergeant (D:8)
  5 scorpions
  A wyvern skeleton (D:6)
  2 troll zombies (D:10)
  12 killer bees
  7 wights
  A howler monkey (D:5)
  6 crimson imps
  4 centaur zombies
  4 bullfrog skeletons
  14 orc priests
  2 bullfrog zombies
  2 hounds
  2 jellies
  4 centaur skeletons
  2 gnoll shamans
  7 iguanas
  Natasha (D:2)
  24 orc wizards
  15 worker ants
  5 ogre zombies (D:10)
  A hound zombie (D:8)
  A worker ant zombie (D:11)
  Robin (D:2)
  20 adders
  25 gnolls
  7 shadow imps
  An adder zombie (D:6)
  2 adder skeletons
  3 worms
  A dart slug (D:1)
  3 leopard geckos
  89 orcs
  2 ball pythons
  3 bats (D:1)
  9 giant cockroaches
  20 goblins
  11 hobgoblins
  3 jackals (D:2)
  8 quokkas
  8 frilled lizards
  A goblin zombie (D:10)
  2 hobgoblin skeletons (D:10)
  2 hobgoblin zombies (D:10)
  23 kobolds
  A leopard gecko skeleton (D:5)
  A leopard gecko zombie (D:5)
  2 orc skeletons (D:10)
  18 orc zombies (D:10)
  A quokka zombie (D:9)
  9 rats
  A fungus (Lair:6)
804 creatures vanquished.

Vanquished Creatures (others)
  A leopard gecko (D:5)
  15 fungi
  18 plants
34 creatures vanquished.

Grand Total: 838 creatures vanquished

Notes
Turn   | Place    | Note
-------+----------+-------------------------------------------
     0 | D:1      | tof the Demonspawn Monk began the quest for the Orb.
     0 | D:1      | Reached XP level 1. HP: 18/18 MP: 1/1
   161 | D:1      | Gained mutation: Your flesh is cold resistant. (rC+) [demonic ancestry]
   161 | D:1      | Reached XP level 2. HP: 24/24 MP: 2/2
   660 | D:1      | Gained mutation: You are partially covered in sharp spines. [demonic ancestry]
   660 | D:1      | Reached XP level 3. HP: 12/29 MP: 3/3
  1073 | D:2      | Reached skill level 1 in Armour
  1074 | D:2      | Noticed Robin
  1151 | D:2      | Reached skill level 1 in Shields
  1210 | D:2      | Reached skill level 1 in Throwing
  1427 | D:2      | Killed Robin
  1427 | D:2      | Gained mutation: You are mostly covered in sharp spines. [demonic ancestry]
  1427 | D:2      | Reached XP level 4. HP: 23/35 MP: 4/4
  2077 | D:2      | Found a faded altar of an unknown god.
  2251 | D:3      | Noticed Natasha
  2264 | D:2      | Killed Natasha
  2264 | D:2      | Gained mutation: You are completely covered in sharp spines. [demonic ancestry]
  2264 | D:2      | Reached XP level 5. HP: 12/42 MP: 5/5
  2812 | D:3      | Found a stormy altar of Qazlal.
  2993 | D:3      | Found a sacrificial altar of Ru.
  2993 | D:3      | Found a hazy altar of Hepliaklqana.
  3085 | D:4      | Noticed a centaur
  3088 | D:4      | Found a blossoming altar of Fedhas.
  3099 | D:4      | Killed a centaur
  3099 | D:4      | Reached XP level 6. HP: 23/48 MP: 6/6
  4008 | D:5      | Entered Level 5 of the Dungeon
  4028 | D:5      | Reached XP level 7. HP: 44/54 MP: 5/7
  4143 | D:5      | Found a shimmering altar of Xom.
  4145 | D:5      | Found an ancient bone altar of Kikubaaqudgha.
  4145 | D:5      | Found a radiant altar of Vehumet.
  4147 | D:5      | Found a shimmering altar of Xom.
  4147 | D:5      | Found a burning altar of Makhleb.
  4147 | D:5      | Found a hide-covered altar of Uskayaw.
  4255 | D:5      | Reached skill level 5 in Long Blades
  4472 | D:5      | Found a staircase to the Ecumenical Temple.
  4481 | Temple   | Entered the Ecumenical Temple
  4624 | D:5      | Noticed Pikel
  4665 | D:4      | Killed Pikel
  4665 | D:4      | Reached XP level 8. HP: 60/61 MP: 8/8
  4735 | D:5      | Reached skill level 5 in Fighting
  5275 | D:5      | Found a sparkling altar of Nemelex Xobeh.
  6205 | D:6      | Gained mutation: You are partially covered in iridescent scales. (AC +2) [demonic ancestry]
  6205 | D:6      | Reached XP level 9. HP: 69/69 MP: 9/9
  6480 | D:7      | Paralysed by a hornet for 2 turns
  6484 | D:7      | Paralysed by a hornet for 1 turns
  7176 | D:7      | Noticed Alarkh's ghost (novice DsCK)
  7234 | D:7      | Killed Alarkh's ghost
  7234 | D:7      | Reached skill level 5 in Throwing
  7234 | D:7      | Reached skill level 5 in Armour
  7234 | D:7      | Reached skill level 5 in Shields
  7302 | Temple   | Became a worshipper of Warmaster Okawaru
  7302 | Temple   | Reached * piety under Okawaru
  7302 | Temple   | Reached ** piety under Okawaru
  7686 | D:7      | Reached skill level 1 in Invocations
  7686 | D:7      | Gained mutation: You are immune to freezing clouds. [demonic ancestry]
  7686 | D:7      | Reached XP level 10. HP: 76/76 MP: 10/10
  8167 | D:8      | Noticed Maurice
  8185 | D:8      | Paralysed by Maurice for 7 turns
  8192 | D:8      | Killed Maurice
  8302 | D:8      | Reached *** piety under Okawaru
  9140 | D:8      | Noticed a three-headed hydra
  9147 | D:8      | Killed a one-headed hydra
  9147 | D:8      | Reached **** piety under Okawaru
  9147 | D:8      | Reached skill level 5 in Invocations
  9419 | D:9      | Found a glowing silver altar of Zin.
  9420 | D:9      | Found an opulent altar of Gozag.
  9561 | D:9      | Found a flagged portal.
  9574 | Bailey   | Entered a bailey
 10547 | Bailey   | Noticed an orc knight
 10567 | Bailey   | Killed an orc knight
 10567 | Bailey   | Received a gift from Okawaru
 10567 | Bailey   | Gained mutation: You have large cloven feet. [demonic ancestry]
 10567 | Bailey   | Reached XP level 11. HP: 73/83 MP: 11/15
 11029 | D:9      | Noticed a two-headed ogre
 11036 | D:9      | Killed a two-headed ogre
 11802 | D:9      | Noticed a two-headed ogre
 11812 | D:9      | Killed a two-headed ogre
 11912 | D:10     | Entered Level 10 of the Dungeon
 11958 | D:10     | Found a staircase to the Orcish Mines.
 12159 | D:10     | Received a gift from Okawaru
 12361 | D:10     | Found a staircase to the Lair.
 13074 | D:10     | Noticed Soeti's ghost (novice OpTm)
 13082 | D:10     | Killed Soeti's ghost
 13082 | D:10     | Reached skill level 10 in Long Blades
 13391 | D:10     | Received a gift from Okawaru
 13559 | D:11     | Noticed a purple ugly thing
 13566 | D:11     | Killed a purple ugly thing
 13718 | D:11     | Noticed a skeletal warrior
 13718 | D:11     | Noticed a skeletal warrior
 13726 | D:11     | Noticed a skeletal warrior
 14231 | Lair:1   | Entered Level 1 of the Lair of Beasts
 14358 | Lair:1   | Received a gift from Okawaru
 14395 | Lair:1   | Reached XP level 12. HP: 89/93 MP: 16/18
 14627 | Lair:1   | Reached ***** piety under Okawaru
 14989 | Lair:2   | Received a gift from Okawaru
 15635 | Lair:2   | Found a staircase to the Swamp.
 15650 | Lair:2   | Received a gift from Okawaru
 16345 | Lair:3   | Received a gift from Okawaru
 16350 | Lair:3   | Got a dazzling long sword {god gift}
 16354 | Lair:3   | Identified the +3 long sword "Bihakhlyi" {vamp, *Slow +Fly rC+++ MR-} (Okawaru gifted it to you on level 3 of the Lair of Beasts)
 16508 | Lair:3   | Reached skill level 10 in Shields
 16941 | Lair:3   | Found a hazy altar of Hepliaklqana.
 17533 | Lair:4   | Noticed an eight-headed hydra
 17545 | Lair:4   | Killed a one-headed hydra
 18131 | Lair:4   | Found a hole to the Spider Nest.
 18141 | Lair:4   | Found a stormy altar of Qazlal.
 18157 | Lair:4   | Reached XP level 13. HP: 83/98 MP: 15/19
 18732 | Lair:5   | Received a gift from Okawaru
 19494 | Lair:5   | Found a staircase to the Slime Pits.
 20208 | Lair:6   | Entered Level 6 of the Lair of Beasts
 20757 | Lair:6   | Received a gift from Okawaru
 21118 | Lair:5   | Reached skill level 10 in Armour
 21628 | Lair:6   | Received a gift from Okawaru
 21799 | Lair:6   | Reached XP level 14. HP: 86/105 MP: 16/20
 24569 | D:11     | Found the +10 dark maul {crush}
 24608 | D:11     | Identified Poqy's Collected Works on Enhancements and Necromancy
 24612 | D:11     | Identified Sif Muna's Compendium of Lethal Evil Arts
 24708 | D:11     | Received a gift from Okawaru
 26367 | D:13     | Found Dila's Elemental Accessories.
 26380 | D:13     | Received a gift from Okawaru
 26408 | D:13     | Learned a level 1 spell: Pain
 26460 | D:13     | Found Yjug Fel's Weapon Emporium.
 26468 | D:13     | Bought the +4 double sword "Qih Woes" {slice, rF+} for 734 gold pieces
 27119 | D:13     | Reached XP level 15. HP: 95/113 MP: 18/21
 27271 | D:13     | Reached skill level 1 in Necromancy
 27325 | D:13     | Received a gift from Okawaru
 28293 | D:14     | Identified a scroll of acquirement
 28295 | D:14     | Got a faintly humming chain mail
 28306 | D:14     | Identified the +8 chain mail of Shadows and Fog {rF+} (You acquired it on level 14 of the Dungeon)
 28307 | D:14     | Identified the Grimoire of Transformation
 28459 | D:14     | Found a gate to the Vaults.
 28921 | D:14     | Found a shadowy altar of Dithmenos.
 29095 | D:15     | Entered Level 15 of the Dungeon
 29641 | Orc:1    | Entered Level 1 of the Orcish Mines
 29778 | Orc:1    | Gained mutation: You are clumsy. (Dex -2) [a neqoxec]
 29787 | Orc:1    | Gained mutation: Your magical capacity is low. (-10% MP) [a neqoxec]
 30603 | Orc:1    | Noticed Fannar
 30634 | Orc:1    | Killed Fannar
 31169 | Orc:2    | Entered Level 2 of the Orcish Mines
 31379 | Orc:2    | Reached ****** piety under Okawaru
 31429 | Orc:2    | Found Botif's Magic Scroll Shoppe.
 31444 | Orc:2    | Received a gift from Okawaru
 31500 | Orc:2    | Bought a scroll of identify for 26 gold pieces
 31500 | Orc:2    | Bought a scroll of acquirement for 676 gold pieces
 31500 | Orc:2    | Bought a scroll of identify for 26 gold pieces
 31705 | Orc:2    | Found Bifeor's Assorted Antiques.
 31742 | Orc:2    | Slain by an orc knight

Vault maps used:
D:1:      minmay_arrival_four_circles
D:2:      chequers_ecumenical_altar_simple_redux, minmay_misc_feat_doors,
          serial_bayou_lagoon_a, minmay_misc_feat_plants, uniq_robin
D:3:      gammafunk_temple_overflow_elements, nicolae_qazlal_eye_of_the_storm,
          first_ration, minmay_distorted, uniq_natasha
D:4:      fedhas_bush_and_centaur_altar, minivault_25
D:5:      lemuel_doored_altar, doesnt_xom_only_xom, temple_statues, uniq_pikel
D:6:      minmay_hedge_maze, hex_large
D:7:      minmay_ruffians
D:8:      hangedman_ranch, item_on_display_a, uniq_maurice
D:9:      grunt_temple_overflow_gold_and_silver, enter_bailey_3
D:10:     minmay_lair_entry_lava, zombieorc2_lemuel
D:11:     minmay_the_grid_octo_tiled_squarecenter
D:13:     serial_shops, nicolae_shop_statue_plus, nrook_uturn,
          minmay_misc_feat_columns, nicolae_elemental_shop
D:14:     kennysheep_windowed_halls, erik_vaults_2, serial_park_square2
D:15:     grunt_enter_depths_hoard, minmay_misc_feat_chi,
          kennysheep_flooded_box, trog_ov_bears_minmay, uniq_sonja
Temple:   zaba_magenta_temple
Lair:1:   beast_lair_carwin_4
Lair:2:   minmay_swamp_entry_reptiles, pond
Lair:3:   lemuel_centaur_altar, infiniplex_staircase_pool, lemuel_fruit_fields,
          grunt_megastairs_4, lemuel_fruit_fields
Lair:4:   dummy_spider_entry, lookout_lair_type, lemuel_oklob_altar
Lair:5:   minmay_slime_entry_oklob_open, lemuel_fruit_tree, grunt_megastairs_1
Lair:6:   grunt_lair_end_beastmaster
Orc:1:    uniq_fannar
Orc:2:    st_orc_elflike, serial_shops, nicolae_shop_statue_plus
Bailey:   bailey_polearm_2, bailey

Skill      XL: |  1  2  3  4  5  6  7  8  9 10 11 12 13 14 15 |
---------------+----------------------------------------------+-----
Long Blades    | 3 4 5 6 8 9 10 11 12 13 | 13.3
Armour         | 1 2 3 4 5 7 10 12 14 | 14.1
Shields        | 1 2 3 4 5 6 11 13 14 | 14.7
Throwing       | 1 2 3 4 5 6 |  6.7
Fighting       | 4 5 6 7 8 9 |  9.9
Invocations    | 1 6 9 |  9.0
Necromancy     | 3 |  3.7
Dodging        | |  2.6
Stealth        | |  1.7

Action                   |  1- 3 |  4- 6 |  7- 9 | 10-12 | 13-15 || total
-------------------------+-------+-------+-------+-------+-------++-------
Melee: Falchion          |    65 |   137 |    91 |    25 |    55 ||   373
       Scimitar          |       |       |   148 |   523 |   595 ||  1266
       Kick              |       |       |       |   151 |   553 ||   704
       Punch             |       |       |       |     1 |       ||     1
       Double sword      |       |       |       |       |   768 ||   768
Throw: Tomahawk          |    30 |    40 |    62 |    78 |       ||   210
       Javelin           |       |     2 |     6 |    81 |    97 ||   186
       Throwing net      |       |       |       |       |     3 ||     3
Invok: Heroism           |       |       |       |    10 |    13 ||    23
       Finesse           |       |       |       |       |    10 ||    10
  Use: Scroll            |       |     5 |     3 |    14 |    15 ||    37
       Potion            |       |       |       |     3 |     1 ||     4
 Stab: Sleeping          |     3 |       |     1 |     4 |       ||     8
       Petrified         |       |       |       |       |    14 ||    14
  Eat: Chunk             |     2 |     8 |     8 |    23 |    32 ||    73
       Ration            |       |       |     1 |     5 |     4 ||    10
Armor: Robe              |     3 |       |       |       |       ||     3
       Ring mail         |    16 |    45 |    98 |     3 |   225 ||   387
       Leather armour    |       |       |       |   159 |       ||   159
       Scale mail        |       |       |       |   119 |   114 ||   233
       Chain mail        |       |       |       |       |    92 ||    92
Dodge: Dodged            |    42 |    66 |   132 |   367 |   304 ||   911
       Deflected         |       |       |       |       |    16 ||    16
Block: Shield            |       |       |       |    28 |  1116 ||  1144
       Rpst.: Falchion   |    19 |    18 |    19 |     1 |     2 ||    59
       Scimitar          |       |       |    19 |    82 |    43 ||   144
       Double sword      |       |       |       |       |    42 ||    42

Table legend:
 A = Spawn XP
 B = Non-spawn XP
 C = Spawn XP percentage of total XP
 D = Spawn monster count
 E = Non-spawn monster count
 F = Spawn count percentage of total count
 G = Total turns spent on level
                    A         B        C        D         E        F      G
               +---------+---------+-------+---------+---------+-------+---------
         Total |       0 |  140090 |   0.0 |       0 |     803 |   0.0 | 31742
               +---------+---------+-------+---------+---------+-------+---------
           D:1 |       0 |      45 |   0.0 |       0 |      19 |   0.0 |   984
           D:2 |       0 |     144 |   0.0 |       0 |      36 |   0.0 |  1434
           D:3 |       0 |     105 |   0.0 |       0 |      28 |   0.0 |   602
           D:4 |       0 |     928 |   0.0 |       0 |      18 |   0.0 |   996
           D:5 |       0 |     635 |   0.0 |       0 |      20 |   0.0 |  1635
           D:6 |       0 |    1415 |   0.0 |       0 |      34 |   0.0 |  1121
           D:7 |       0 |    2517 |   0.0 |       0 |      26 |   0.0 |  1128
           D:8 |       0 |    4177 |   0.0 |       0 |      49 |   0.0 |  1413
           D:9 |       0 |    3269 |   0.0 |       0 |      25 |   0.0 |  1375
          D:10 |       0 |    6470 |   0.0 |       0 |      72 |   0.0 |  2779
          D:11 |       0 |   12515 |   0.0 |       0 |      62 |   0.0 |  1308
          D:12 |       0 |    6073 |   0.0 |       0 |      40 |   0.0 |   953
          D:13 |       0 |    9299 |   0.0 |       0 |      32 |   0.0 |  1356
          D:14 |       0 |   21778 |   0.0 |       0 |      49 |   0.0 |  1688
        Lair:1 |       0 |    3309 |   0.0 |       0 |      17 |   0.0 |   765
        Lair:2 |       0 |    4298 |   0.0 |       0 |      23 |   0.0 |  1283
        Lair:3 |       0 |    4146 |   0.0 |       0 |      21 |   0.0 |  1082
        Lair:4 |       0 |    8013 |   0.0 |       0 |      24 |   0.0 |  1395
        Lair:5 |       0 |   18676 |   0.0 |       0 |      45 |   0.0 |  2273
        Lair:6 |       0 |   21813 |   0.0 |       0 |      64 |   0.0 |  3260
         Orc:1 |       0 |    3481 |   0.0 |       0 |      40 |   0.0 |  1110
         Orc:2 |       0 |    5118 |   0.0 |       0 |      35 |   0.0 |   573
        Bailey |       0 |    1866 |   0.0 |       0 |      24 |   0.0 |  1138
               +---------+---------+-------+---------+---------+-------+---------
